 Dungeon Crawl Stone Soup version 0.25-a0-737-g26c3a87c45 (webtiles) character file.

Game seed: 629416877791423399, levelgen mode: deterministic

47 BowlsofSteal the Caller (level 3, -9/24 HPs)
             Began as a Merfolk Summoner on Apr 12, 2020.
             Mangled by Sigmund
             ... wielding a +0 scythe
              (10 damage)
             ... on level 3 of the Dungeon.
             The game lasted 00:15:14 (2319 turns).

BowlsofSteal the Caller (Merfolk Summoner)          Turns: 2319, Time: 00:15:16

Health: -9/24      AC:  2    Str:  8    XL:     3   Next: 70%
Magic:  4/7        EV: 13    Int: 15    God:
Gold:   187        SH:  0    Dex: 14    Spells: 1/7 levels left

rFire    . . .     SeeInvis .   d - +0 club
rCold    . . .     Gourm    .   (no shield)
rNeg     . . .     Faith    .   a - +0 robe
rPois    .         Spirit   .   (no helmet)
rElec    .         Reflect  .   (no cloak)
rCorr    .         Harm     .   (no gloves)
MR       .....                  (no boots)
Stlth    ++........             (no amulet)
HPRegen  0.08/turn              (no ring)
MPRegen  0.10/turn              (no ring)

@: no status effects
A: change form in water, swift swim, stealthy swim
a: no special abilities


You were on level 3 of the Dungeon.
You were not hungry.

You visited 1 branch of the dungeon, and saw 3 of its levels.

You collected 187 gold pieces.

Inventory:

Hand Weapons
 d - a +0 club (weapon)
 l - a +0 mace
Missiles
 g - 24 poisoned darts (quivered)
Armour
 a - a +0 robe (worn)
 f - a +0 robe
 j - a +0 chain mail
Scrolls
 b - 2 scrolls of remove curse {unknown}
 e - a scroll of identify {unknown}
 h - a scroll of random uselessness {unknown}
 i - 2 scrolls of enchant armour {unknown}
Potions
 k - a potion of ambrosia {unknown}
 m - a potion of curing {unknown}
 n - a potion of stabbing {unknown}
Comestibles
 c - 3 rations


   Skills:
 + Level 2.8 Dodging
 + Level 2.4 Stealth
 + Level 2.7 Spellcasting
 + Level 4.7 Summonings


You had one spell level left.
You knew the following spells:

 Your Spells              Type           Power        Failure   Level  Hunger
a - Summon Small Mammal   Summ           ###.         3%          1    #......
b - Call Imp              Summ           ###.....     4%          2    ##.....
c - Call Canine Familiar  Summ           ###.....     9%          3    ###....

Your spell library contained the following spells:

 Spells                   Type           Power        Failure   Level  Hunger
 Summon Guardian Golem    Hex/Summ       #.......     24%         3    ###....
 Summon Ice Beast         Ice/Summ       #.......     61%         4    #####..
 Summon Lightning Spire   Summ/Air       #.......     61%         4    #####..


Dungeon Overview and Level Annotations

Branches:
Dungeon (3/15)

Altars:
Trog

Annotations:
D:3 Sigmund


Message History

You bump into the rock wall.
Sigmund casts a spell.
Sigmund flickers and vanishes!
Deactivating autopickup; reactivate with Ctrl-A.
Unknown command.
You're too confused to cast spells.
There isn't anything here!
You bump into the rock wall.
You bump into the rock wall.
You hear some strange, mumbled words.
Something tries to affect you, but you resist.
Something completely misses you.
You bump into the rock wall.
You feel less confused.
You hit something. Something hits you!
* * * LOW HITPOINT WARNING * * *
Casting: Call Canine Familiar (safe; 9% risk of failure)
Confirm with . or Enter, or press ? or * to list all spells.
Something hits you!
You die...

##.......##
...####..)......#
......'.........+
...####.........#
##.......## ##.(((.##
##...#####
###########'.....#
#...@h..###..#.#.#
#.#####..........##
#.# #.###..#.#..#
#.#####.##.......(#
......#.#.....#.#.#
.#.###........##...#
###.......#..รท...^..#
#######.#.#.#.#.#..
#.#..........


You could see a friendly hound.

Vanquished Creatures
  A dart slug (D:2)
  2 hobgoblins
  A bat (D:1)
  A rat (D:3)
5 creatures vanquished.

Vanquished Creatures (collateral kills)
  An adder (D:3)
  3 worms (D:2)
  2 dart slugs (D:2)
  2 leopard geckos (D:1)
  6 bats
  2 giant cockroaches
  6 goblins
  4 hobgoblins
  6 kobolds
  A quokka (D:3)
  2 ball pythons
  3 frilled lizards
  5 rats
43 creatures vanquished.

Grand Total: 48 creatures vanquished

Notes
Turn   | Place    | Note
-------+----------+-------------------------------------------
     0 | D:1      | BowlsofSteal the Merfolk Summoner began the quest for the
                  | Orb.
     0 | D:1      | Reached XP level 1. HP: 13/13 MP: 3/3
   347 | D:1      | Reached XP level 2. HP: 19/19 MP: 3/5
   360 | D:1      | Learned a level 2 spell: Call Imp
  1209 | D:2      | Reached XP level 3. HP: 17/24 MP: 1/6
  1441 | D:2      | Learned a level 3 spell: Call Canine Familiar
  2173 | D:3      | Found a bloodstained altar of Trog.
  2302 | D:3      | Noticed Sigmund
  2318 | D:3      | HP: 1/24 [something (9)]
  2319 | D:3      | Mangled by Sigmund

Levels and vault maps discovered:
D:1:      dpeg_arrival_shrine, layout_loops_ring, minmay_split_cup_large
D:2:      layout_loops_ring, minmay_circle_x
D:3:      layout_loops_corners, old_standard_altar, serial_glass,
          glass_columns_b, glass_columns_b, glass_columns_c, glass_columns_a,
          glass_columns_b, glass_columns_c, glass_columns_a, glass_columns_b,
          glass_columns_a, glass_columns_b, trog_book, uniq_natasha, uniq_ijyb,
          uniq_jessica, uniq_sigmund

Action                   || total
-------------------------++-------
Melee: Club              ||    28
 Cast: Summon Small Mamm ||    31
       Call Imp          ||    23
       Call Canine Famil ||     9
 Stab: Distracted        ||     1
  Eat: Chunk             ||     4
       Ration            ||     1
Armor: Robe              ||    21
Dodge: Dodged            ||    84

Table legend:
 A = Non-vault XP
 B = Vault XP
 C = Vault XP percentage of total XP
 D = Non-vault monster count
 E = Vault monster count
 F = Vault count percentage of total count
                 A         B        C        D         E       F
            +---------+---------+-------+---------+---------+-------
      Total |      56 |      12 |  17.6 |      39 |       9 |  18.8
            +---------+---------+-------+---------+---------+-------
        D:1 |      22 |       4 |  15.4 |      20 |       4 |  16.7
        D:2 |      23 |       8 |  25.8 |      14 |       5 |  26.3
        D:3 |      11 |       0 |   0.0 |       5 |       0 |   0.0
            +---------+---------+-------+---------+---------+-------
